Map: Oxide LE

Players

DJOKWARI

  • Race: Protoss Protoss
  • League: Diamond
  • Spawn Location: 1:00

Pumba - Winner!

  • Race: Zerg Zerg
  • League: Diamond
  • Spawn Location: 7:00

VOD

Have the link to the VOD?

Description

Time

  • Played on: Aug. 24, 2021, 7:52 p.m.
  • Length: 14:16
Show
View Real Time Build Order
Export as new Build Order

DJOKWARI Protoss 

Build Orders: 1 Gate Expand 

Get SALT Encoding   

  12  0:00  Probe  
  13  0:12  Probe  
  14  0:19  Pylon  
  14  0:24  Probe  
  15  0:37  Probe (Chrono Boost)  
  15  0:39  Gateway  
  16  0:48  Probe (Chrono Boost)  
  16  0:49  Assimilator  
  17  0:53  Probe (Chrono Boost)  
  18  1:03  Probe  
  19  1:15  Probe  
  20  1:29  Nexus  
  20  1:38  Cybernetics Core  
  20  1:42  Probe  
  21  1:48  Assimilator  
  21  1:58  Probe  
  22  2:01  Pylon  
  22  2:10  Probe (Chrono Boost)  
  23  2:20  Adept (Chrono Boost)  
  23  2:22  Probe (Chrono Boost)  
  24  2:25  Stargate  
  24  2:28  Probe (Chrono Boost)  
  24  2:29  Warp Gate  
  27  2:40  Probe (Chrono Boost)  
  27  2:41  Probe (Chrono Boost)  
  30  2:46  Stalker  
  30  2:50  Probe (Chrono Boost)  
  32  2:52  Probe (Chrono Boost)  
  32  2:55  Probe (Chrono Boost)  
  33  3:00  Probe  
  34  3:07  Void Ray (Chrono Boost)  
  34  3:09  Probe  
  39  3:13  Probe  
  40  3:21  Probe, Pylon  
  40  3:25  Probe  
  42  3:28  Shield Battery  
  42  3:30  Gateway  
  42  3:33  Probe  
  43  3:37  Probe  
  44  3:45  Probe  
  45  3:56  Nexus  
  45  4:01  Probe, Pylon  
  45  4:02  Probe  
  47  4:05  Assimilator  
  47  4:06  Assimilator  
  47  4:14  Probe  
  47  4:15  Oracle  
  51  4:18  Pylon  
  51  4:26  Probe  
  52  4:37  Protoss Air Weapons Level 1  
  53  4:38  Probe (Chrono Boost)  
  53  4:41  Probe (Chrono Boost)  
  54  4:48  Probe (Chrono Boost)  
  54  4:49  Probe (Chrono Boost)  
  54  4:50  Shield Battery  
  56  4:53  Void Ray, Probe (Chrono Boost), Stargate  
  56  4:55  Probe  
  62  5:03  Pylon  
  62  5:06  Probe (Chrono Boost)  
  63  5:07  Forge  
  63  5:11  Probe x2 (Chrono Boost)  
  65  5:20  Probe (Chrono Boost)  
  68  5:21  Probe (Chrono Boost)  
  68  5:22  Probe (Chrono Boost)  
  68  5:25  Probe (Chrono Boost)  
  69  5:28  Probe  
  69  5:30  Shield Battery, Void Ray (Chrono Boost)  
  69  5:35  Probe, Pylon  
  75  5:37  Probe  
  76  5:43  Probe  
  76  5:44  Protoss Ground Weapons Level 1, Void Ray (Chrono Boost)  
  76  5:47  Probe  
  82  5:50  Probe  
  83  6:00  Void Ray (Chrono Boost)  
  83  6:03  Probe x2, Gateway  
  89  6:04  Gateway  
  89  6:05  Photon Cannon  
  89  6:07  Photon Cannon  
  89  6:09  Shield Battery  
  89  6:12  Probe  
  89  6:15  Probe  
  91  6:21  Twilight Council  
  91  6:22  Robotics Facility  
  91  6:28  Assimilator  
  91  6:31  Pylon  
  91  6:32  Void Ray, Assimilator  
  95  6:34  Void Ray  
  95  6:36  Pylon  
  95  6:37  Pylon  
  99  6:45  Probe x2  
  101  6:51  Probe  
  102  6:59  Gateway x2  
  102  7:01  Templar Archives  
  102  7:10  Void Ray  
  106  7:17  Charge, Nexus  
  106  7:18  Pylon  
  106  7:22  Probe x3  
  109  7:23  Immortal (Chrono Boost)  
  112  7:31  Gateway  
  112  7:33  Gateway  
  112  7:36  Probe x2  
  114  7:49  Void Ray x2  
  122  7:54  Psionic Storm  
  122  7:55  Immortal  
  126  8:00  Zealot, High Templar x2  
  126  8:02  Nexus  
  126  8:04  Shield Battery  
  126  8:05  Shield Battery  
  132  8:07  Photon Cannon  
  132  8:11  Pylon  
  132  8:15  Pylon  
  132  8:16  Pylon  
  132  8:25  Assimilator  
  132  8:26  Assimilator  
  132  8:31  Zealot x3, High Templar  
  140  8:34  Observer, Gateway  
  140  8:36  Gateway  
  140  8:37  Photon Cannon  
  140  8:38  Photon Cannon  
  141  8:41  Shield Battery  
  141  8:42  Shield Battery  
  141  8:45  Phoenix x2 (Chrono Boost)  
  129  8:52  Shield Battery  
  129  8:55  Archon  
  127  9:04  Phoenix x2 (Chrono Boost)  
  127  9:07  Gateway x2  
  121  9:12  Gateway  
  121  9:13  Gateway  
  106  9:28  Stalker x3  
  106  9:29  Stalker x4  
  107  9:33  Phoenix x2 (Chrono Boost)  
  93  9:49  Phoenix x2 (Chrono Boost)  
  97  9:56  Zealot  
  97  9:57  Zealot x7  
  113  10:07  Warp Prism (Chrono Boost)  
  115  10:18  High Templar x2  
  115  10:19  High Templar x2  
  115  10:21  Zealot  
  125  10:22  Archon, Protoss Ground Weapons Level 2 (Chrono Boost)  
  125  10:23  Archon  
  125  10:25  Nexus  
  125  10:26  Pylon  
  125  10:30  Pylon  
  125  10:45  Zealot x7  
  125  10:46  Zealot  
  141  10:59  High Templar x3  
  141  11:02  High Templar  
  141  11:03  Zealot x2  
  108  11:13  Zealot x3  
  108  11:14  Zealot x5  
  65  11:36  Stalker x3  
  65  11:37  Stalker x2  
  61  12:07  High Templar x2  
  61  12:08  High Templar  
  64  12:09  Zealot x4  
  64  12:10  Zealot x3  
  78  12:19  Archon  
  68  12:23  Zealot x2  
  62  12:34  Probe x3  
  53  12:46  Probe x2  
  53  12:48  High Templar x2  
  59  13:03  Probe (Chrono Boost)  
  59  13:04  Probe (Chrono Boost)  
  62  13:06  Probe (Chrono Boost)  
  62  13:15  Probe (Chrono Boost)  
  62  13:19  Probe (Chrono Boost)  
  64  13:21  Probe (Chrono Boost)  
  65  13:28  High Templar  
  65  13:29  High Templar  
  69  13:34  High Templar  
  69  13:36  High Templar  
  73  13:56  Probe x2  
  73  13:59  High Templar x2  
  73  14:00  Zealot x2  
  83  14:04  Archon  
Show
View Real Time Build Order
Export as new Build Order

Pumba Zerg - Winner!

Build Orders: Hatch First 

Get SALT Encoding   

  12  0:00  Drone  
  13  0:13  Overlord  
  13  0:21  Drone  
  14  0:31  Drone x2  
  16  0:38  Drone  
  17  0:51  Hatchery  
  17  0:56  Drone  
  17  0:59  Drone  
  18  1:13  Spawning Pool  
  18  1:16  Extractor  
  18  1:17  Drone  
  17  1:21  Drone  
  18  1:32  Drone  
  19  1:44  Overlord  
  19  1:52  Drone  
  20  2:03  Queen  
  20  2:04  Queen  
  20  2:05  Zergling x4  
  26  2:14  Drone  
  27  2:19  Metabolic Boost  
  27  2:21  Drone  
  28  2:32  Drone x2  
  28  2:33  Drone  
  31  2:39  Drone  
  31  2:43  Hatchery  
  31  2:48  Queen  
  33  2:53  Overlord  
  33  2:57  Drone  
  33  2:58  Drone  
  35  3:06  Drone  
  35  3:08  Overlord  
  35  3:11  Overlord  
  36  3:13  Drone x2  
  36  3:15  Drone  
  39  3:23  Drone x4  
  43  3:34  Drone x2  
  45  3:42  Queen x2  
  45  3:46  Overlord x2  
  45  3:47  Drone  
  50  3:48  Drone  
  51  3:56  Lair  
  51  3:59  Extractor  
  50  4:03  Drone x5  
  50  4:06  Drone  
  50  4:07  Drone  
  56  4:18  Baneling Nest  
  55  4:30  Queen  
  57  4:32  Spore Crawler  
  57  4:33  Spore Crawler x2  
  57  4:34  Drone x9  
  63  4:40  Zergling x4  
  63  4:41  Overlord  
  63  4:42  Overlord  
  65  4:53  Overlord x3  
  65  5:01  Zergling x12  
  65  5:02  Drone x2  
  65  5:07  Drone  
  74  5:09  Overseer  
  74  5:17  Drone x2  
  74  5:18  Drone  
  81  5:21  Drone x6  
  81  5:26  Evolution Chamber  
  81  5:27  Extractor, Evolution Chamber  
  81  5:28  Spire, Extractor  
  79  5:34  Drone x6  
  84  5:40  Extractor x2  
  82  5:49  Drone x2  
  84  5:53  Drone  
  84  5:54  Drone x3  
  84  5:56  Drone  
  89  5:57  Hatchery  
  88  6:05  Spore Crawler  
  88  6:08  Queen  
  88  6:09  Zerg Melee Weapons Level 1  
  88  6:10  Zerg Ground Armor Level 1  
  89  6:12  Hatchery  
  88  6:21  Spore Crawler  
  87  6:34  Drone x4  
  90  6:44  Extractor  
  90  6:46  Extractor  
  90  6:47  Extractor x2  
  87  6:50  Drone x3  
  87  6:51  Drone x3  
  87  6:52  Drone x3  
  87  6:53  Drone x2  
  97  6:56  Overlord x5  
  97  7:09  Spore Crawler  
  97  7:10  Spore Crawler  
  95  7:18  Spore Crawler x2  
  95  7:20  Drone x3  
  95  7:21  Drone x3  
  99  7:23  Drone  
  99  7:24  Drone  
  99  7:27  Spore Crawler x2  
  98  7:40  Mutalisk x10  
  98  7:41  Mutalisk x3  
  118  7:57  Hatchery  
  117  7:59  Mutalisk x6  
  128  8:06  Zergling x2  
  128  8:08  Zergling x2  
  130  8:14  Zerg Flyer Weapons Level 1  
  130  8:18  Infestation Pit  
  129  8:22  Centrifugal Hooks  
  129  8:23  Zerg Melee Weapons Level 2, Zerg Ground Armor Level 2  
  129  8:26  Zergling x12  
  135  8:33  Drone x2  
  137  8:35  Drone x5  
  138  8:50  Zergling x22  
  138  8:55  Hive  
  149  8:58  Spire  
  140  9:19  Zergling x16  
  140  9:20  Zergling x6  
  146  9:26  Mutalisk x7  
  153  9:35  Drone x4  
  138  9:51  Drone x5  
  130  10:01  Hatchery  
  124  10:07  Adrenal Glands  
  124  10:09  Zergling x30, Ultralisk Cavern  
  138  10:20  Hatchery  
  137  10:34  Overlord  
  137  10:35  Overlord x3  
  137  10:39  Zergling x26  
  137  10:40  Zergling x6  
  137  10:41  Baneling  
  137  10:42  Baneling x19  
  153  10:54  Zergling x26  
  144  11:05  Zergling x12  
  144  11:06  Zergling x12  
  145  11:14  Zergling x8  
  145  11:17  Zergling x14  
  145  11:18  Zergling x4  
  152  11:21  Zergling x8  
  149  11:26  Spore Crawler  
  149  11:27  Spore Crawler x2  
  139  11:33  Spore Crawler  
  139  11:35  Drone x7  
  139  11:36  Spore Crawler  
  139  11:56  Chitinous Plating  
  93  12:52  Drone x6  
  93  12:58  Ultralisk x10  
  159  13:02  Zergling x8  
  163  13:06  Queen  
  163  13:07  Queen  
  163  13:10  Queen  
  169  13:15  Anabolic Synthesis  
  169  13:20  Spore Crawler  
  169  13:24  Zergling x28  
  182  13:31  Overlord  
  182  13:52  Baneling x13  
  182  13:53  Baneling x8  
  182  13:54  Baneling x4  
Tags
 
Add a new tag
Caveats
  • Supply blocks, unpowered buildings, or Contaminate may cause inaccurate times.
  • Supply counts are checked every 10 seconds.